woodfighter, chaotic female elven Rogue --------------- |.............. |....%.....@..| +..........a..| -------------.- woodfighter the Cutpurse Experience level: 5 Strength: 15 Dexterity: 19 Constitution: 15 Intelligence: 10 Wisdom: 8 Charisma: 8 Health: 0(36) Energy: 27(27) Def: 4 Gold: 0 Moves: 3559 Dungeon seed: 5nhyQPANYx_tqg7K Game ID: woodfighter_1515807062 Your Inventory: Weapons a - a burnt +0 elven short sword (weapon in hand) b - 10 +0 elven daggers (in quiver) Armor e - an uncursed +1 leather armor (being worn) q - a blessed +0 pair of leather gloves (being worn) Comestibles w - an uncursed tin of giant bat meat M - an uncursed eucalyptus leaf Q - a blessed tin of spinach Z - 4 uncursed food rations Rings k - a cursed -2 ring of increase damage Wands f - a wand of polymorph (0:6) E - a wand of magic missile (0:7) F - a blessed wand of teleportation (0:5) Tools g - an uncursed blindfold s - an uncursed bag of holding y - an uncursed lock pick Gems i - an uncursed luckstone Contents of the bag of holding: 483 gold pieces a [uncursed] [+0] elven dagger a [cursed] [+0] dwarvish cloak a [uncursed] [+0] dwarvish iron helm a [uncursed] [+0] mummy wrapping a [uncursed] [+0] orcish helm a [uncursed] [+0] orcish helm a [cursed] [-1] pair of fumble boots a [uncursed] [+0] pair of iron shoes a [cursed] scroll of create monster 2 [uncursed] scrolls of identify a [blessed] scroll of light a [uncursed] scroll of light 2 [uncursed] scrolls of scare monster a [uncursed] scroll of scare monster a [uncursed] spellbook of cure sickness a [uncursed] spellbook of levitation a [uncursed] potion of confusion a [cursed] potion of invisibility 2 [uncursed] potions of levitation a [uncursed] potion of monster detection a [cursed] potion of oil a [uncursed] potion of restore ability 2 uncursed potions of sickness a [blessed] potion of speed a [uncursed] ring of free action a [uncursed] ring of searching a [uncursed] ring of sustain ability a wand of opening (0:3) Spells and supernatural/magical abilities: Name Level Category Fail Memory W - pray for help -- divine ? -- Your skills at the end: Miscellaneous Skills wands [Basic] Weapon Skills dagger [Basic] short sword [Basic] Spellcasting Skills Final Attributes: You were piously aligned. You were sleep resistant. You were telepathic. You had infravision. You were stealthy. You were lucky. You had extra luck. Bad luck did not time out for you. Good luck did not time out for you. You are dead. Vanquished creatures: a gnome mummy 2 yellow lights a giant ant 2 floating eyes a kitten a dwarf an iguana a hobbit 3 acid blobs a large kobold 3 geckos 3 hobgoblins 3 giant rats a brown mold 2 yellow molds 2 red molds 4 garter snakes a gnome zombie 5 jackals a fox 2 kobolds 5 newts a goblin a sewer rat 8 grid bugs 5 lichens a kobold zombie 62 creatures vanquished. Voluntary challenges: You did not adorn yourself with jewelry or accessories. You did not cause conflict. You were not invisible. You did not have reflection. You were not displaced. You were an atheist. You used a wielded weapon 74 times, starting on turn 132. You did not apply a unicorn horn. You did not use plumbed fixtures. You did not drink any magical draughts. You were illiterate. You never genocided any monsters. You never polymorphed an object. You never changed form. You used no wishes. You never split a pudding. You never wrote Elbereth's name. You never violated your personal moral code. Dungeon overview: The Dungeons of Doom: levels 1 to 8 Level 1 a fountain a long staircase Level 2 an armor shop, a fountain Level 3 a delicatessen, a sink Level 4 stairs to The Gnomish Mines Level 5 Level 6 a sink Level 7 a fountain Level 8 <- You were here The Gnomish Mines: Level 5 stairs to The Dungeons of Doom History has recorded: On T:1 you entered the Dungeons of Doom to retrieve the Amulet of Yendor! On T:92 you reached level 2 of The Dungeons of Doom. On T:809 you reached level 3 of The Dungeons of Doom. On T:840 you advanced to experience level 2. On T:1023 you reached level 4 of The Dungeons of Doom. On T:1183 you advanced to experience level 3. On T:2032 you reached level 1 of The Gnomish Mines. On T:2141 you advanced to experience level 4. On T:2268 you reached level 5 of The Dungeons of Doom. On T:2490 you reached level 6 of The Dungeons of Doom. On T:2875 you advanced to experience level 5. On T:3398 you reached level 7 of The Dungeons of Doom. On T:3558 you reached level 8 of The Dungeons of Doom. Score breakdown: Gold: 483 ( 48 points) Experience: 5 levels ( 400 points) Exploration: 8 levels ( 210 points) Discoveries: 27 items ( 1350 points) Variety of kills: 27 monsters ( 1350 points) Major goal: (nothing yet) ( 0 points) Survival: died (score multiplied by 3) Total score: 10074 Latest messages: You throw 2 elven daggers. The 1st elven dagger hits the giant ant! You kill the giant ant! b - 4 +0 elven daggers (in quiver). You try to feel what is lying here on the ground. You feel here a giant ant corpse. b - a +0 elven dagger (in quiver). You try to feel what is lying here on the ground. You feel here a giant ant corpse. This giant ant corpse tastes terrible! You finish eating the giant ant corpse. You sense a monster nearby! b - a +0 elven dagger (in quiver). You sense a monster nearby! There's still a monster there. (2x) You can see again. k - an iron ring. The soldier ant bites! The soldier ant stings! The elven dagger hits the soldier ant. The soldier ant bites! The soldier ant stings! The soldier ant's sting was poisoned! The soldier ant bites! You die... Final status: Goodbye woodfighter the Rogue, killed by a soldier ant... You died in The Dungeons of Doom on dungeon level 8 with 10074 points, and 483 pieces of gold, after 3559 moves. You were level 5 with a maximum of 36 hit points when you died.